 Dungeon Crawl Stone Soup version 0.32-a0-558-g233958a4c4 (webtiles) character file.

Game seed: 7999625901127431603

30 Goblin1989 the Sneak (level 3, 0/29 HPs)
             Began as a Demonspawn Delver on Mar 2, 2024.
             Slain by a quokka (3 damage)
             ... on level 1 of the Dungeon.
             The game lasted 00:02:03 (342 turns).

Goblin1989 the Sneak (Demonspawn Delver)             Turns: 342, Time: 00:02:04

Health: 0/29       AC:  3    Str: 14    XL:     3   Next: 3%
Magic:  3/3        EV: 11    Int: 10    God:
Gold:   11         SH:  0    Dex: 14    Spells: 2/2 levels left

rFire   . . .        a - +0 mace
rCold   . . .        (no shield)
rNeg    . . .        b - +0 leather armour
rPois   .            (no helmet)
rElec   .            (no cloak)
rCorr   .            (no gloves)
SInv    .            (no boots)
Will    .....        (no amulet)
Stlth   ++           (no ring)
HPRegen 0.24/turn    (no ring)
MPRegen 0.08/turn

%: no passive effects
@: no status effects
A: demonic magic 1
a: no special abilities


You were on level 1 of the Dungeon.
You visited 1 branch of the dungeon, and saw 5 of its levels.

You collected 11 gold pieces.

Inventory:

Hand Weapons
 a - a +0 mace (weapon)
Missiles
 k - 5 poisoned darts (quivered)
 o - 4 javelins {@Q3}
Armour
 b - a +0 leather armour (worn)
 j - a +0 scale mail
 l - the +0 leather armour "Doishygg" {rN+ Int+4}
   (You found it on level 4 of the Dungeon)

   Int+4:     It affects your intelligence (+4).
   rN+:       It protects you from negative energy.
Wands
 g - a wand of digging (3) {@v3}
Scrolls
 c - a scroll of fog
 d - a scroll of revelation
 i - a scroll of vulnerability {unknown}
 n - a scroll of butterflies {unknown}
Potions
 f - a potion of haste {@q3,}
 h - 2 potions of attraction {unknown}
 m - a potion of heal wounds {unknown}


   Skills:
 - Level 3.0 Fighting
 + Level 3.2 Maces & Flails
 - Level 1.7 Dodging
 - Level 4.5 Stealth


You had 2 spell levels left.
You didn't know any spells.
Your spell library contained the following spells:

 Spells                   Type           Power      Damage    Failure   Level
 Sublimation of Blood     Necr           0%         N/A       58%         2
 Dazzling Flash           Conj/Hex       0%         N/A       82%         3
 Mephitic Cloud           Conj/Alch/Air  0%         N/A       82%         3
 Petrify                  Alch/Erth      0%         N/A       99%         4
 Curse of Agony           Necr           0%         N/A       100%        5
 Irradiate                Conj/Alch      0%         3d11      100%        5
 Silence                  Hex/Air        0%         N/A       100%        5


Dungeon Overview and Level Annotations

Branches:
Dungeon (5/15) Zot: 26863
 Temple: D:4-7

Altars:
Yredelemnul

Annotations:
D:3 Ijyb


Innate Abilities, Weirdness & Mutations

Spells you cast may paralyse adjacent enemies.


Message History

k - 5 poisoned darts (gained 1)
Found a spear.
Health restored: 24
o - 4 javelins {@Q3} A quokka comes into view.
A quokka is nearby!
You throw a poisoned dart. The poisoned dart hits the quokka.
You throw a poisoned dart. The poisoned dart hits the quokka.
You throw a poisoned dart. The poisoned dart hits the quokka.
You hit the quokka but do no damage. The quokka bites you.
You take 2 damage, and have 22/24 hp.
You hit the quokka but do no damage. The quokka bites you.
The quokka bites you but does no damage.
You closely miss the quokka. The quokka misses you.
You barely miss the quokka.
The quokka bites you but does no damage.
The quokka bites you.
You take 1 damage, and have 21/24 hp.
You barely miss the quokka.
The quokka bites you but does no damage.
You hit the quokka.
The quokka is severely wounded.
The quokka closely misses you.
The quokka twitches its whiskers.
The quokka barely misses you.
You sock the quokka!
You kill the quokka!
No target in view!
No target in view!
k - 3 poisoned darts (gained 1)
k - 4 poisoned darts (gained 1)
k - 5 poisoned darts (gained 1)
A ball python and a hobgoblin come into view.
Found a helmet.
The ball python hisses angrily.
You hear a shout!
Health restored: 24
There are monsters nearby!
There are monsters nearby!
There are monsters nearby!
A goblin comes into view. It is wielding a +0 dagger.
The ball python bites you.
You closely miss the ball python. The ball python barely misses you.
The ball python grabs you. The ball python constricts you.
The hobgoblin shouts!
You hit the ball python.
The ball python is heavily wounded.
The ball python bites you but does no damage.
The ball python constricts you.
An endoplasm comes into view.
A quokka comes into view.
The ball python bites you. The ball python constricts you.
You take 5 damage, and have 19/24 hp.
MASSIVE DAMAGE!!
The endoplasm quivers.
You hit the ball python.
You kill the ball python!
You barely miss the goblin. The goblin hits you with a +0 dagger.
You take 1 damage, and have 19/24 hp.
You hit the goblin.
The goblin is heavily wounded.
The goblin hits you but does no damage.
You barely miss the goblin.
The goblin is heavily wounded.
The goblin barely misses you. The hobgoblin hits you.
The hobgoblin barely misses you. The goblin hits you but does no damage.
You hit the goblin.
You kill the goblin!
The quokka bites you.
The quokka bites you but does no damage.
The hobgoblin hits you.
You have reached level 3!
Your experience leads to an increase in your attributes!
Increase (s)trength, (i)ntelligence, or (d)exterity?
You feel stronger. x2
You take 3 damage, and have 16/29 hp.
MP restored: 3 You hit the endoplasm.
You kill the endoplasm!
The quokka bites you but does no damage.
The hobgoblin hits you.
You take 2 damage, and have 14/29 hp.
The quokka bites you.
* * * LOW HITPOINT WARNING * * *
The hobgoblin hits you.
* * * LOW HITPOINT WARNING * * *
The quokka bites you.
* * * LOW HITPOINT WARNING * * *
Things that are here:
a +0 dagger; a ball python corpse You take 6 damage, and have 8/29 hp.
MASSIVE DAMAGE!!
You hit the hobgoblin.
The hobgoblin is moderately wounded.
The hobgoblin hits you but does no damage.
The quokka bites you.
* * * LOW HITPOINT WARNING * * *
You take 2 damage, and have 6/29 hp.
You barely miss the hobgoblin.
The hobgoblin is moderately wounded.
The quokka bites you.
* * * LOW HITPOINT WARNING * * *
The hobgoblin closely misses you. The quokka bites you.
You die...

███...████████...█.
█.....█ █...█
█....██ ██.█ █....█
█....█ █....█
█....█
█....████████..
█......@.......
█.....rg.......
████...........
█...........
.............
█.............
█...[█████████
█....█


You could see a quokka and a hobgoblin.

Vanquished Creatures
  An adder (D:4)
  A dart slug (D:4)
  2 endoplasms (D:1)
  A goblin (D:1)
  3 hobgoblins (D:4)
  3 jackals (D:4)
  A quokka (D:1)
  2 ball pythons (D:1)
  A rat (D:1)
15 creatures vanquished.

Vanquished Creatures (others)
  A jackal (D:4)
1 creature vanquished.

Grand Total: 16 creatures vanquished

Notes
Turn   | Place    | Note
-------+----------+-------------------------------------------
     0 | D:5      | Goblin1989 the Demonspawn Delver began the quest for the
                  | Orb.
     0 | D:5      | Reached XP level 1. HP: 18/18 MP: 1/1
     3 | D:5      | Noticed an ogre
     3 | D:5      | Noticed an ogre
    15 | D:4      | Noticed a jelly
    42 | D:4      | Identified the +0 leather armour "Doishygg" {rN+ Int+4}
    56 | D:4      | Found a basalt altar of Yredelemnul.
   101 | D:4      | Gained mutation: Spells you cast may paralyse adjacent
                  | enemies. [demonic ancestry]
   101 | D:4      | Reached XP level 2. HP: 24/24 MP: 2/2
   188 | D:3      | Noticed Ijyb
   339 | D:1      | Reached XP level 3. HP: 16/29 MP: 3/3
   342 | D:1      | Slain by a quokka

Illustrated notes

Levels and vault maps discovered:
D:1:      saegor_arrival_simple_a, layout_basic,
          chequers_ecumenical_altar_grove, serial_shops, nicolae_shop_crystal,
          minmay_misc_feat_hallway, minmay_misc_feat_diagonals
D:2:      layout_basic, basic_altar, uniq_jessica
D:3:      layout_rooms, marbit_many_paths, uniq_terence, uniq_natasha, uniq_ijyb
D:4:      layout_basic, mainiacjoe_overflow_chevrons,
          minmay_temple_entry_overgrown
D:5:      lemuel_castle_with_subvaults [lemuel_castle_interior_carwin_2],
          layout_cave_pods, kennysheep_generic_room_14

Skill      XL: |  1  2 |
---------------+-------+-----
Maces & Flails | 2 3 |  3.2
Fighting       | |  3.0
Dodging        | |  1.7
Stealth        | |  4.5

Action                     || total
---------------------------++-------
  Melee: Mace              ||    50
  Throw: Dart              ||     4
    Use: Scroll            ||     1
 Armour: Leather armour    ||    56
  Dodge: Dodged            ||    36

Table legend: (Time is in decaauts)
 A = Elapsed time spent in this place.
 B = Non-inter-level travel time spent in this place.
 C = Inter-level travel time spent in this place.
 D = Time resting spent in this place.
 E = Time spent auto-exploring this place.
 F = Levels seen in this place.
 G = Mean time per level.
                   A        B        C        D        E       F      G
               +--------+--------+--------+--------+--------+-----+--------+
         Total |    354 |    354 |      0 |     34 |     92 |   5 |   70.8 |
       Dungeon |    354 |    354 |      0 |     34 |     92 |   5 |   70.8 |
               +--------+--------+--------+--------+--------+-----+--------+

Top non-repeatable levels by time:
     D:4: 184 daAuts
     D:1: 135 daAuts
     D:2: 20 daAuts
     D:5: 11 daAuts
     D:3: 2 daAuts
